[ AOE2 MATCH · #471430496 ]
Team RMMongols vs Vikings
[ REPLAY ANALYSIS · EXTRACTED FROM THE RECORDED GAME ]
Feudal
14:44
Castle
19:29
Imperial
34:48
| APM avg | 43.4 |
| APM peak | 103 |
| eAPM avg | 14.4 |
| Villagers / military | 72 / 151 |
Focus
⚔️ 31.9% · 🌾 68.1%
Mangudai ×133 · Fishing Ship ×16 · Battering Ram ×13 · Trebuchet (Packed) ×3 · Fire Galley ×2
Feudal
14:25
Castle
18:20
Imperial
24:25
| APM avg | 25.2 |
| APM peak | 59 |
| eAPM avg | 16.2 |
| Villagers / military | 258 / 102 |
Focus
⚔️ 33.2% · 🌾 66.8%
Fishing Ship ×186 · Elephant Archer ×87 · Trade Cart ×21 · Trebuchet (Packed) ×9 · Mangonel ×3 · Urumi Swordsman ×2
Feudal
—
Castle
—
Imperial
—
| APM avg | 7.9 |
| APM peak | 22 |
| eAPM avg | 6.3 |
| Villagers / military | 63 / 27 |
Focus
⚔️ 16.5% · 🌾 83.5%
Militia ×17 · Skirmisher ×8 · Archer ×2
Feudal
16:40
Castle
22:33
Imperial
43:25
| APM avg | 19.8 |
| APM peak | 47 |
| eAPM avg | 15.3 |
| Villagers / military | 140 / 207 |
Focus
⚔️ 41.2% · 🌾 58.8%
Skirmisher ×168 · Trebuchet (Packed) ×13 · Spearman ×8 · Scout Cavalry ×7 · Cataphract ×6 · Fishing Ship ×5
Feudal
—
Castle
—
Imperial
—
| APM avg | 21.6 |
| APM peak | 51 |
| eAPM avg | 16.0 |
| Villagers / military | 101 / 148 |
Focus
⚔️ 40.4% · 🌾 59.6%
Skirmisher ×145 · Unknown (2550) ×36 · Archer ×3
Feudal
—
Castle
—
Imperial
—
| APM avg | 18.8 |
| APM peak | 67 |
| eAPM avg | 9.4 |
| Villagers / military | 128 / 78 |
Focus
⚔️ 28.7% · 🌾 71.3%
Skirmisher ×41 · Cavalry Archer ×18 · Battle Elephant ×12 · Ballista Elephant ×6 · Monk ×1
Feudal
15:22
Castle
23:14
Imperial
40:22
| APM avg | 28.7 |
| APM peak | 61 |
| eAPM avg | 14.7 |
| Villagers / military | 84 / 96 |
Focus
⚔️ 36.4% · 🌾 63.6%
Skirmisher ×56 · Fishing Ship ×29 · Spearman ×19 · Battle Elephant ×6 · Battering Ram ×5 · Galley ×4
Feudal
—
Castle
—
Imperial
—
| APM avg | 32.5 |
| APM peak | 63 |
| eAPM avg | 16.5 |
| Villagers / military | 123 / 268 |
Focus
⚔️ 31.1% · 🌾 68.9%
Cavalry Archer ×224 · Scout Cavalry ×35 · Trebuchet (Packed) ×5 · Archer ×3 · Spearman ×1
Match map
Initial resources + every placement click. Lines = walls · curves = elevation contours. ◆ gold · ⬟ stone · ● berries · ✦ relic · ◌ wall gap
Your base· Open — unwalled flank
fatmuddybear's base· Open — 10t gap
JJLoewen9289's base· Open — unwalled flank
HAHA's base· Open — 9t gap
Objayz23's base· Open — 2t gap
BossJets's base· Open — 12t gap
Yggdrasil's base· Open — 5t gap
ZacAttack5577's base· Open — 6t gap
Smoothed initial terrain · ◌ = detected wall gap · hover for details
Inputs per minute
— yougetcs - - fatmuddybear
Build order — yougetcs
First 150 of 274 actions detected
| 0:38 | Build | Town Center |
| 2:53 | Build | Dock |
| 2:55 | Build | House |
| 3:13 | Create | Villager (Male) |
| 3:14 | Create | Villager (Male) |
| 3:14 | Create | Villager (Male) |
| 3:20 | Create | Villager (Male) |
| 3:20 | Create | Villager (Male) |
| 4:36 | Create | Villager (Male) |
| 4:36 | Create | Villager (Male) |
| 5:09 | Create | Villager (Male) |
| 5:09 | Create | Villager (Male) |
| 5:28 | Create | Villager (Male) |
| 5:36 | Build | House |
| 6:36 | Create | Villager (Male) |
| 6:36 | Create | Villager (Male) |
| 6:43 | Create | Fishing Ship |
| 6:44 | Create | Fishing Ship |
| 6:56 | Create | Villager (Male) |
| 6:56 | Create | Villager (Male) |
| 7:05 | Create | Villager (Male) |
| 7:05 | Create | Villager (Male) |
| 7:43 | Create | Villager (Male) |
| 7:44 | Create | Villager (Male) |
| 7:56 | Create | Fishing Ship |
| 7:56 | Create | Fishing Ship |
| 8:06 | Create | Villager (Male) |
| 8:29 | Create | Villager (Male) |
| 8:30 | Create | Villager (Male) |
| 8:30 | Create | Villager (Male) |
| 8:34 | Create | Fishing Ship |
| 8:55 | Create | Villager (Male) |
| 9:13 | Build | House |
| 9:27 | Create | Fishing Ship |
| 9:27 | Create | Fishing Ship |
| 9:43 | Create | Villager (Male) |
| 9:44 | Create | Villager (Male) |
| 9:44 | Create | Villager (Male) |
| 9:44 | Create | Villager (Male) |
| 9:55 | Build | House |
| 10:22 | Create | Fishing Ship |
| 10:22 | Create | Fishing Ship |
| 10:58 | Create | Villager (Male) |
| 10:59 | Create | Villager (Male) |
| 11:10 | Build | House |
| 11:23 | Build | Mill |
| 11:29 | Create | Fishing Ship |
| 11:29 | Create | Fishing Ship |
| 11:34 | Create | Fishing Ship |
| 11:34 | Create | Fishing Ship |
| 12:05 | Build | Lumber Camp |
| 12:33 | Research | Feudal Age |
| 12:56 | Build | Palisade Wall |
| 13:24 | Build | Dock |
| 13:40 | Build | House |
| 13:44 | Create | Fishing Ship |
| 13:45 | Create | Fishing Ship |
| 14:23 | Create | Fishing Ship |
| 14:44 | Age | Feudal Age |
| 14:54 | Build | Market |
| 14:59 | Build | Blacksmith |
| 15:24 | Create | Fire Galley |
| 15:31 | Create | Fire Galley |
| 15:46 | Research | Loom |
| 16:01 | Build | Palisade Wall |
| 16:49 | Research | Castle Age |
| 16:49 | Research | Castle Age |
| 17:02 | Build | Mining Camp |
| 17:12 | Research | Double-Bit Axe |
| 17:13 | Research | Double-Bit Axe |
| 17:56 | Research | Horse Collar |
| 17:56 | Research | Horse Collar |
| 19:21 | Research | Stone Mining |
| 19:21 | Research | Gold Mining |
| 19:28 | Create | Villager (Male) |
| 19:28 | Create | Villager (Male) |
| 19:29 | Age | Castle Age |
| 19:33 | Create | Villager (Male) |
| 20:01 | Create | Villager (Male) |
| 20:01 | Create | Villager (Male) |
| 20:07 | Research | Bow Saw |
| 21:12 | Build | Castle |
| 21:13 | Create | Villager (Male) |
| 21:13 | Create | Villager (Male) |
| 21:20 | Research | Fletching |
| 21:21 | Research | Padded Archer Armor |
| 21:21 | Research | Padded Archer Armor |
| 21:28 | Build | Barracks |
| 21:42 | Build | House |
| 21:45 | Build | House |
| 21:46 | Build | House |
| 21:47 | Build | House |
| 22:07 | Build | Lumber Camp |
| 22:11 | Create | Villager (Male) |
| 22:11 | Create | Villager (Male) |
| 22:24 | Create | Villager (Male) |
| 22:24 | Create | Villager (Male) |
| 22:33 | Build | Fish Trap |
| 22:38 | Build | Fish Trap |
| 22:46 | Build | Fish Trap |
| 22:53 | Build | Fish Trap |
| 23:04 | Build | Fish Trap |
| 23:09 | Build | Fish Trap |
| 23:13 | Research | Tech 906 |
| 23:36 | Create | Mangudai |
| 23:36 | Create | Mangudai |
| 23:36 | Create | Mangudai |
| 23:54 | Build | Lumber Camp |
| 24:10 | Build | House |
| 24:25 | Create | Mangudai |
| 24:25 | Create | Mangudai |
| 24:26 | Create | Mangudai |
| 24:26 | Create | Mangudai |
| 24:47 | Build | University |
| 24:50 | Build | Palisade Wall |
| 25:18 | Create | Mangudai |
| 25:19 | Create | Mangudai |
| 25:19 | Create | Mangudai |
| 25:19 | Create | Mangudai |
| 25:19 | Create | Mangudai |
| 25:45 | Build | Siege Workshop |
| 25:52 | Create | Mangudai |
| 25:52 | Create | Mangudai |
| 26:03 | Create | Villager (Male) |
| 26:03 | Create | Villager (Male) |
| 26:04 | Create | Villager (Male) |
| 26:04 | Create | Villager (Male) |
| 26:04 | Create | Villager (Male) |
| 26:04 | Create | Villager (Male) |
| 26:04 | Create | Villager (Male) |
| 26:05 | Create | Villager (Male) |
| 26:17 | Create | Mangudai |
| 26:17 | Create | Mangudai |
| 27:23 | Create | Battering Ram |
| 27:23 | Create | Battering Ram |
| 27:24 | Create | Battering Ram |
| 27:33 | Build | Siege Workshop |
| 27:55 | Create | Mangudai |
| 27:55 | Create | Mangudai |
| 27:56 | Create | Mangudai |
| 27:56 | Create | Mangudai |
| 28:13 | Research | Ballistics |
| 28:13 | Research | Ballistics |
| 28:57 | Create | Mangudai |
| 28:57 | Create | Mangudai |
| 28:57 | Create | Mangudai |
| 28:57 | Create | Mangudai |
| 28:58 | Create | Mangudai |
| 28:58 | Create | Mangudai |
| 29:11 | Build | Stone Wall |
Build order — fatmuddybear
First 150 of 308 actions detected
| 1:03 | Build | Town Center |
| 1:16 | Build | Dock |
| 3:23 | Create | Villager (Male) |
| 3:23 | Create | Villager (Male) |
| 3:23 | Create | Villager (Male) |
| 3:24 | Create | Villager (Male) |
| 3:24 | Create | Villager (Male) |
| 3:50 | Create | Villager (Male) |
| 3:50 | Create | Villager (Male) |
| 4:02 | Create | Fishing Ship |
| 4:02 | Create | Fishing Ship |
| 5:17 | Create | Villager (Male) |
| 5:17 | Create | Villager (Male) |
| 5:46 | Create | Fishing Ship |
| 5:47 | Create | Fishing Ship |
| 5:52 | Build | House |
| 6:09 | Create | Villager (Male) |
| 6:09 | Create | Villager (Male) |
| 6:30 | Create | Villager (Male) |
| 6:30 | Create | Villager (Male) |
| 6:54 | Create | Villager (Male) |
| 6:54 | Create | Villager (Male) |
| 7:05 | Build | House |
| 7:14 | Create | Villager (Male) |
| 7:14 | Create | Villager (Male) |
| 7:14 | Create | Villager (Male) |
| 7:42 | Create | Fishing Ship |
| 7:43 | Create | Fishing Ship |
| 7:45 | Create | Villager (Male) |
| 7:45 | Create | Villager (Male) |
| 7:47 | Create | Villager (Male) |
| 7:47 | Create | Villager (Male) |
| 8:06 | Build | House |
| 8:15 | Create | Fishing Ship |
| 8:15 | Create | Fishing Ship |
| 8:15 | Create | Fishing Ship |
| 8:36 | Create | Villager (Male) |
| 8:36 | Create | Villager (Male) |
| 8:44 | Create | Villager (Male) |
| 8:45 | Create | Villager (Male) |
| 8:45 | Create | Villager (Male) |
| 8:53 | Build | House |
| 8:54 | Build | House |
| 8:58 | Create | Villager (Male) |
| 8:58 | Create | Villager (Male) |
| 8:58 | Create | Villager (Male) |
| 9:00 | Create | Fishing Ship |
| 9:01 | Create | Fishing Ship |
| 9:30 | Create | Fishing Ship |
| 9:30 | Create | Fishing Ship |
| 9:50 | Create | Villager (Male) |
| 9:50 | Create | Villager (Male) |
| 10:17 | Create | Villager (Male) |
| 10:42 | Build | Dock |
| 10:48 | Create | Villager (Male) |
| 10:49 | Create | Villager (Male) |
| 10:49 | Create | Villager (Male) |
| 10:49 | Create | Villager (Male) |
| 11:21 | Build | Mill |
| 12:04 | Create | Fishing Ship |
| 12:04 | Create | Fishing Ship |
| 12:09 | Research | Feudal Age |
| 12:09 | Research | Feudal Age |
| 12:09 | Research | Feudal Age |
| 12:44 | Create | Fishing Ship ×2 |
| 12:45 | Create | Fishing Ship ×2 |
| 12:45 | Create | Fishing Ship ×2 |
| 12:52 | Build | House |
| 12:53 | Build | House |
| 13:11 | Build | House |
| 13:30 | Build | Mining Camp |
| 14:07 | Create | Villager (Male) ×5 |
| 14:07 | Create | Villager (Male) ×5 |
| 14:08 | Create | Villager (Male) ×5 |
| 14:08 | Create | Villager (Male) ×3 |
| 14:08 | Create | Villager (Male) ×3 |
| 14:25 | Age | Feudal Age |
| 14:28 | Build | Market |
| 14:39 | Build | Blacksmith |
| 14:43 | Create | Villager (Male) ×2 |
| 14:43 | Create | Villager (Male) ×2 |
| 14:45 | Create | Fishing Ship |
| 14:45 | Create | Fishing Ship |
| 14:45 | Create | Fishing Ship |
| 14:46 | Create | Fishing Ship |
| 14:46 | Create | Fishing Ship |
| 15:35 | Research | Castle Age |
| 15:35 | Research | Castle Age |
| 15:41 | Research | Gold Mining |
| 15:41 | Research | Gold Mining |
| 16:05 | Build | Lumber Camp |
| 17:14 | Research | Double-Bit Axe |
| 17:23 | Research | Wheelbarrow |
| 17:40 | Research | Tech 906 |
| 17:41 | Create | Fishing Ship ×3 |
| 17:42 | Create | Fishing Ship ×3 |
| 17:51 | Create | Villager (Male) ×5 |
| 17:51 | Create | Villager (Male) ×5 |
| 17:51 | Create | Villager (Male) ×5 |
| 17:55 | Build | House |
| 17:57 | Build | House |
| 18:00 | Build | House |
| 18:00 | Build | House |
| 18:20 | Age | Castle Age |
| 18:27 | Build | Monastery |
| 18:31 | Build | University |
| 18:36 | Research | Bow Saw |
| 18:37 | Research | Bow Saw |
| 19:06 | Build | Lumber Camp |
| 19:12 | Create | Monk |
| 19:27 | Create | Trade Cart |
| 20:08 | Build | Siege Workshop |
| 20:14 | Research | Town Watch |
| 20:21 | Research | Town Watch |
| 20:39 | Create | Villager (Male) ×5 |
| 20:39 | Create | Villager (Male) ×5 |
| 20:39 | Create | Villager (Male) ×5 |
| 20:39 | Create | Villager (Male) ×4 |
| 20:58 | Build | Town Center |
| 21:15 | Research | Imperial Age |
| 21:36 | Build | Barracks |
| 21:51 | Create | Mangonel |
| 22:21 | Build | Lumber Camp |
| 22:29 | Create | Villager (Male) ×5 |
| 22:29 | Create | Villager (Male) ×5 |
| 22:29 | Create | Villager (Male) ×5 |
| 22:29 | Create | Villager (Male) ×2 |
| 22:42 | Build | Dock |
| 23:26 | Create | Mangonel |
| 23:43 | Build | Mining Camp |
| 24:05 | Research | Gillnets |
| 24:06 | Create | Fishing Ship ×4 |
| 24:06 | Create | Fishing Ship ×4 |
| 24:06 | Create | Fishing Ship ×4 |
| 24:20 | Create | Mangonel |
| 24:25 | Age | Imperial Age |
| 25:55 | Research | Town Patrol |
| 25:56 | Research | Hand Cart |
| 25:57 | Create | Villager (Male) |
| 25:57 | Create | Villager (Male) |
| 25:57 | Create | Villager (Male) |
| 26:47 | Create | Villager (Male) ×5 |
| 26:47 | Create | Villager (Male) ×5 |
| 27:00 | Build | Castle |
| 27:08 | Create | Trade Cart ×5 |
| 27:09 | Create | Trade Cart ×5 |
| 27:09 | Create | Trade Cart ×4 |
| 27:12 | Create | Fishing Ship ×3 |
| 27:14 | Create | Fishing Ship |
| 27:15 | Create | Fishing Ship |
Build order — JJLoewen9289
First 150 of 200 actions detected
| 1:54 | Build | Town Center |
| 3:31 | Build | Town Center |
| 4:38 | Build | House |
| 6:08 | Create | Villager (Male) |
| 6:09 | Create | Villager (Male) |
| 6:09 | Create | Villager (Male) |
| 6:09 | Create | Villager (Male) |
| 6:09 | Create | Villager (Male) |
| 7:57 | Build | Mill |
| 8:06 | Create | Villager (Male) |
| 9:44 | Create | Villager (Male) |
| 9:44 | Create | Villager (Male) |
| 9:45 | Create | Villager (Male) |
| 9:45 | Create | Villager (Male) |
| 9:45 | Create | Villager (Male) |
| 10:17 | Create | Villager (Male) |
| 11:33 | Build | House |
| 12:33 | Create | Villager (Male) |
| 12:33 | Create | Villager (Male) |
| 12:33 | Create | Villager (Male) |
| 12:56 | Build | Farm |
| 13:47 | Build | Farm |
| 13:48 | Build | Farm |
| 13:49 | Build | Farm |
| 14:12 | Build | House |
| 14:22 | Create | Villager (Male) |
| 14:22 | Create | Villager (Male) |
| 14:23 | Create | Villager (Male) |
| 14:47 | Build | Mill |
| 15:06 | Create | Villager (Male) |
| 15:07 | Research | Loom |
| 15:20 | Build | Farm |
| 15:21 | Build | Farm |
| 15:22 | Build | Farm |
| 15:47 | Create | Villager (Male) |
| 16:01 | Build | Farm |
| 16:01 | Build | Farm |
| 16:02 | Build | Farm |
| 16:02 | Build | Farm |
| 16:03 | Build | Farm |
| 16:38 | Build | Farm |
| 16:39 | Build | Farm |
| 17:13 | Create | Villager (Male) |
| 17:24 | Create | Villager (Male) |
| 17:25 | Create | Villager (Male) |
| 17:45 | Build | Farm |
| 18:05 | Build | Barracks |
| 18:25 | Build | House |
| 18:27 | Build | House |
| 18:29 | Build | House |
| 19:38 | Research | Feudal Age |
| 19:55 | Create | Villager (Male) |
| 20:15 | Build | Mining Camp |
| 20:41 | Create | Villager (Male) |
| 20:41 | Create | Villager (Male) |
| 20:41 | Create | Villager (Male) |
| 20:49 | Create | Militia |
| 21:50 | Build | Blacksmith |
| 21:56 | Research | Town Watch |
| 22:03 | Research | Gold Mining |
| 22:13 | Build | Lumber Camp |
| 22:33 | Build | Lumber Camp |
| 23:18 | Create | Villager (Male) |
| 23:18 | Create | Villager (Male) |
| 23:19 | Create | Villager (Male) |
| 23:19 | Create | Villager (Male) |
| 23:19 | Create | Villager (Male) |
| 23:19 | Create | Villager (Male) |
| 23:37 | Build | Farm |
| 23:38 | Build | Farm |
| 23:39 | Build | Farm |
| 23:42 | Build | Farm |
| 23:43 | Build | Farm |
| 24:20 | Research | Double-Bit Axe |
| 24:23 | Research | Stone Mining |
| 25:32 | Build | Farm |
| 26:13 | Research | Scale Mail Armor |
| 26:14 | Research | Padded Archer Armor |
| 26:22 | Create | Militia |
| 27:28 | Build | Archery Range |
| 27:50 | Research | Forging |
| 28:06 | Build | Farm |
| 28:27 | Build | Farm |
| 28:52 | Build | Farm |
| 28:55 | Build | Farm |
| 29:02 | Build | Farm |
| 30:15 | Create | Archer |
| 30:16 | Create | Archer |
| 30:17 | Create | Skirmisher |
| 30:17 | Create | Skirmisher |
| 30:17 | Create | Skirmisher |
| 30:18 | Create | Skirmisher |
| 30:18 | Create | Skirmisher |
| 30:19 | Create | Skirmisher |
| 30:19 | Create | Skirmisher |
| 30:19 | Create | Skirmisher |
| 30:59 | Build | Farm |
| 31:26 | Build | Mill |
| 31:43 | Build | Farm |
| 31:44 | Build | Farm |
| 31:53 | Build | Farm |
| 32:48 | Research | Castle Age |
| 33:07 | Build | House |
| 33:08 | Build | House |
| 33:09 | Build | House |
| 33:11 | Build | House |
| 34:40 | Create | Villager (Male) |
| 34:40 | Create | Villager (Male) |
| 34:40 | Create | Villager (Male) |
| 34:40 | Create | Villager (Male) |
| 34:41 | Create | Villager (Male) |
| 34:41 | Create | Villager (Male) |
| 34:41 | Create | Villager (Male) |
| 34:42 | Create | Villager (Male) |
| 34:42 | Create | Villager (Male) |
| 34:42 | Create | Villager (Male) |
| 34:42 | Create | Villager (Male) |
| 34:59 | Create | Villager (Male) |
| 35:00 | Create | Villager (Male) |
| 35:17 | Build | Market |
| 35:27 | Build | Farm |
| 35:33 | Research | Horse Collar |
| 35:57 | Create | Villager (Male) |
| 35:58 | Create | Villager (Male) |
| 35:58 | Create | Villager (Male) |
| 36:32 | Research | Iron Casting |
| 37:12 | Build | Town Center |
| 37:56 | Research | Elite Skirmisher (upgrade) |
| 38:34 | Research | Bow Saw |
| 38:36 | Research | Gold Shaft Mining |
| 39:12 | Build | Farm |
| 39:14 | Build | Farm |
| 39:17 | Build | Farm |
| 39:19 | Build | Farm |
| 39:22 | Build | Farm |
| 39:23 | Build | Farm |
| 39:24 | Build | Farm |
| 39:25 | Build | Farm |
| 39:28 | Build | Farm |
| 39:35 | Build | Farm |
| 40:03 | Build | Lumber Camp |
| 40:42 | Build | Mining Camp |
| 41:13 | Build | House |
| 41:15 | Build | House |
| 41:16 | Build | House |
| 41:17 | Build | House |
| 41:18 | Build | House |
| 41:28 | Create | Villager (Male) |
| 41:28 | Create | Villager (Male) |
| 41:30 | Research | Town Patrol |
Build order — HAHA
First 150 of 501 actions detected
| 2:05 | Build | Town Center |
| 2:34 | Build | Dock |
| 4:31 | Build | House |
| 4:41 | Create | Villager (Male) |
| 4:41 | Create | Villager (Male) |
| 4:42 | Create | Villager (Male) |
| 4:43 | Create | Villager (Male) |
| 4:43 | Create | Villager (Male) |
| 5:17 | Build | House |
| 5:42 | Create | Villager (Male) |
| 6:29 | Create | Villager (Male) |
| 6:29 | Create | Villager (Male) |
| 7:22 | Create | Villager (Male) |
| 7:22 | Create | Villager (Male) |
| 7:51 | Build | House |
| 8:26 | Create | Villager (Male) |
| 8:27 | Create | Villager (Male) |
| 8:41 | Create | Villager (Male) |
| 9:02 | Create | Fishing Ship |
| 9:25 | Create | Villager (Male) |
| 9:25 | Create | Villager (Male) |
| 9:42 | Create | Villager (Male) |
| 9:52 | Create | Fishing Ship |
| 10:22 | Create | Fishing Ship |
| 10:57 | Build | Lumber Camp |
| 11:07 | Create | Villager (Male) |
| 11:08 | Create | Villager (Male) |
| 11:09 | Create | Villager (Male) |
| 11:26 | Build | House |
| 12:17 | Build | Mining Camp |
| 12:23 | Create | Villager (Male) |
| 12:50 | Create | Villager (Male) |
| 12:51 | Create | Villager (Male) |
| 13:00 | Create | Villager (Male) |
| 13:54 | Create | Villager (Male) |
| 14:23 | Research | Feudal Age |
| 14:43 | Build | House |
| 15:21 | Build | House |
| 15:53 | Create | Villager (Male) |
| 15:53 | Create | Villager (Male) |
| 16:15 | Build | Barracks |
| 16:25 | Build | Barracks |
| 16:40 | Age | Feudal Age |
| 16:47 | Create | Villager (Male) |
| 17:20 | Build | Palisade Gate |
| 17:24 | Create | Spearman |
| 17:24 | Create | Spearman |
| 17:36 | Build | Lumber Camp |
| 17:52 | Create | Demolition Raft |
| 17:57 | Create | Fishing Ship |
| 17:57 | Create | Fishing Ship |
| 18:10 | Create | Spearman |
| 18:31 | Build | Stable |
| 18:51 | Create | Villager (Male) |
| 18:55 | Create | Villager (Male) |
| 19:03 | Build | Blacksmith |
| 19:53 | Research | Castle Age |
| 20:08 | Build | Palisade Gate |
| 20:18 | Research | Forging |
| 20:23 | Build | House |
| 20:25 | Build | House |
| 20:28 | Build | House |
| 20:33 | Create | Villager (Male) |
| 21:18 | Research | Fletching |
| 21:46 | Build | Mill |
| 22:12 | Build | House |
| 22:19 | Build | Palisade Wall |
| 22:33 | Age | Castle Age |
| 23:00 | Create | Villager (Male) |
| 23:04 | Create | Camel Scout |
| 23:04 | Create | Camel Scout |
| 23:13 | Build | Stable |
| 23:33 | Create | Camel Scout |
| 23:33 | Create | Camel Scout |
| 23:36 | Research | Scale Barding Armor |
| 23:50 | Build | Stable |
| 24:05 | Build | Archery Range |
| 24:17 | Research | Bodkin Arrow |
| 24:24 | Create | Villager (Male) |
| 24:25 | Create | Villager (Male) |
| 25:00 | Build | Town Center |
| 25:07 | Research | Gold Mining |
| 25:07 | Research | Stone Mining |
| 25:09 | Create | Skirmisher |
| 25:48 | Build | Archery Range |
| 26:01 | Create | Villager (Male) |
| 26:20 | Build | Farm |
| 26:21 | Build | Farm |
| 26:21 | Build | Farm |
| 26:30 | Build | Farm |
| 26:34 | Create | Villager (Male) |
| 26:34 | Create | Villager (Male) |
| 26:45 | Build | Farm |
| 27:11 | Research | Loom |
| 27:30 | Build | Farm |
| 27:30 | Build | Farm |
| 27:31 | Build | Farm |
| 27:31 | Build | Farm |
| 27:32 | Build | Farm |
| 27:38 | Create | Villager (Male) |
| 27:39 | Create | Villager (Male) |
| 27:50 | Create | Skirmisher |
| 27:51 | Create | Skirmisher |
| 28:07 | Create | Villager (Male) |
| 28:21 | Create | Spearman |
| 28:33 | Build | Farm |
| 28:34 | Build | Farm |
| 28:41 | Research | Horse Collar |
| 28:58 | Research | Double-Bit Axe |
| 28:58 | Research | Double-Bit Axe |
| 29:29 | Create | Villager (Male) |
| 29:30 | Create | Villager (Male) |
| 29:36 | Build | Farm |
| 29:36 | Build | Farm |
| 29:37 | Build | Farm |
| 29:41 | Create | Villager (Male) |
| 29:41 | Create | Villager (Male) |
| 29:45 | Build | Farm |
| 30:01 | Create | Villager (Male) |
| 30:02 | Create | Villager (Male) |
| 30:32 | Build | Market |
| 30:35 | Create | Villager (Male) |
| 30:35 | Create | Villager (Male) |
| 30:36 | Create | Villager (Male) |
| 30:46 | Create | Villager (Male) |
| 30:56 | Create | Skirmisher |
| 30:56 | Create | Skirmisher |
| 30:56 | Create | Skirmisher |
| 30:57 | Create | Skirmisher |
| 31:09 | Create | Villager (Male) |
| 31:17 | Create | Skirmisher |
| 31:17 | Create | Skirmisher |
| 31:20 | Create | Skirmisher |
| 31:23 | Create | Villager (Male) |
| 31:41 | Build | Lumber Camp |
| 31:59 | Build | Farm |
| 32:00 | Build | Farm |
| 32:00 | Build | Farm |
| 32:06 | Create | Villager (Male) |
| 32:08 | Create | Villager (Male) |
| 32:08 | Create | Villager (Male) |
| 32:11 | Create | Skirmisher |
| 32:12 | Create | Skirmisher |
| 32:29 | Research | Pikeman (upgrade) |
| 32:30 | Create | Spearman |
| 32:41 | Create | Spearman |
| 32:41 | Create | Spearman |
| 33:01 | Research | Elite Skirmisher (upgrade) |
| 33:05 | Research | Padded Archer Armor |
| 33:19 | Create | Spearman |
Build order — Objayz23
First 150 of 434 actions detected
| 0:06 | Build | Town Center |
| 0:11 | Build | House |
| 2:41 | Create | Villager (Male) |
| 2:41 | Create | Villager (Male) |
| 2:42 | Create | Villager (Male) |
| 2:42 | Create | Villager (Male) |
| 3:13 | Create | Villager (Male) |
| 3:57 | Create | Villager (Male) |
| 4:49 | Create | Villager (Male) |
| 5:42 | Create | Villager (Male) |
| 5:43 | Create | Villager (Male) |
| 5:43 | Create | Villager (Male) |
| 5:54 | Build | House |
| 5:55 | Build | House |
| 6:00 | Build | House |
| 6:22 | Create | Villager (Male) |
| 6:37 | Build | Settlement |
| 7:39 | Build | House |
| 7:55 | Create | Villager (Male) |
| 7:55 | Create | Villager (Male) |
| 7:56 | Create | Villager (Male) |
| 7:56 | Create | Villager (Male) |
| 7:56 | Create | Villager (Male) |
| 7:58 | Research | Loom |
| 8:14 | Build | Palisade Gate |
| 8:58 | Create | Villager (Male) |
| 9:01 | Create | Villager (Male) |
| 9:29 | Build | Barracks |
| 9:35 | Create | Villager (Male) |
| 9:37 | Create | Villager (Male) |
| 10:45 | Build | Settlement |
| 10:58 | Create | Villager (Male) |
| 11:04 | Create | Unit 2550 |
| 11:30 | Build | Farm |
| 11:31 | Build | Farm |
| 11:31 | Build | Farm |
| 12:00 | Create | Villager (Male) |
| 12:43 | Create | Villager (Male) |
| 13:01 | Research | Feudal Age |
| 13:30 | Build | Farm |
| 13:30 | Build | Farm |
| 13:30 | Build | Farm |
| 13:30 | Build | Farm |
| 13:51 | Create | Villager (Male) |
| 13:51 | Create | Villager (Male) |
| 13:56 | Create | Unit 2550 |
| 13:56 | Create | Unit 2550 |
| 13:57 | Create | Unit 2550 |
| 14:11 | Create | Unit 2550 |
| 14:11 | Create | Unit 2550 |
| 14:35 | Create | Unit 2550 |
| 14:35 | Create | Unit 2550 |
| 14:40 | Create | Villager (Male) |
| 14:40 | Create | Villager (Male) |
| 14:55 | Create | Unit 2550 |
| 15:21 | Build | Blacksmith |
| 15:28 | Research | Double-Bit Axe |
| 15:39 | Create | Unit 2550 |
| 15:42 | Research | Tech 1402 |
| 15:43 | Create | Unit 2550 |
| 16:09 | Build | Archery Range |
| 16:22 | Create | Villager (Male) |
| 16:22 | Create | Villager (Male) |
| 16:23 | Create | Villager (Male) |
| 16:26 | Create | Unit 2550 |
| 16:37 | Build | Farm |
| 16:37 | Build | Farm |
| 16:38 | Build | Farm |
| 16:38 | Build | Farm |
| 16:38 | Build | Farm |
| 17:06 | Build | Farm |
| 17:06 | Build | Farm |
| 17:06 | Build | Farm |
| 17:49 | Create | Skirmisher |
| 17:49 | Create | Skirmisher |
| 17:50 | Create | Skirmisher |
| 17:50 | Create | Skirmisher |
| 18:09 | Build | House |
| 18:10 | Build | House |
| 18:49 | Create | Skirmisher |
| 18:49 | Create | Skirmisher |
| 18:49 | Create | Skirmisher |
| 19:29 | Build | Farm |
| 19:29 | Build | Farm |
| 19:29 | Build | Farm |
| 19:30 | Build | Farm |
| 19:57 | Create | Unit 2550 |
| 19:58 | Create | Unit 2550 |
| 19:58 | Create | Archer |
| 19:59 | Create | Archer |
| 19:59 | Create | Archer |
| 20:32 | Create | Villager (Male) |
| 20:32 | Create | Villager (Male) |
| 20:33 | Create | Villager (Male) |
| 22:06 | Research | Castle Age |
| 22:45 | Research | Horse Collar |
| 22:48 | Research | Gold Mining |
| 23:04 | Build | House |
| 23:06 | Build | House |
| 23:07 | Build | House |
| 24:34 | Build | Farm |
| 24:35 | Build | Farm |
| 24:35 | Build | Farm |
| 24:35 | Build | Farm |
| 24:35 | Build | Farm |
| 24:42 | Research | Wheelbarrow |
| 25:31 | Create | Skirmisher |
| 25:32 | Create | Skirmisher |
| 25:32 | Create | Skirmisher |
| 25:32 | Create | Skirmisher |
| 25:32 | Create | Skirmisher |
| 25:38 | Build | Archery Range |
| 25:39 | Build | Archery Range |
| 25:42 | Create | Villager (Male) |
| 25:42 | Create | Villager (Male) |
| 25:42 | Create | Villager (Male) |
| 25:42 | Create | Villager (Male) |
| 26:11 | Build | Town Center |
| 26:51 | Research | Elite Skirmisher (upgrade) |
| 27:05 | Research | Fletching |
| 27:06 | Research | Padded Archer Armor |
| 27:11 | Create | Villager (Male) |
| 27:11 | Create | Villager (Male) |
| 27:11 | Create | Villager (Male) |
| 27:18 | Research | Bow Saw |
| 27:36 | Create | Villager (Male) |
| 27:37 | Create | Villager (Male) |
| 27:51 | Create | Skirmisher |
| 27:52 | Create | Skirmisher |
| 27:52 | Create | Skirmisher |
| 27:52 | Create | Skirmisher |
| 27:52 | Create | Skirmisher |
| 27:52 | Create | Skirmisher |
| 27:53 | Create | Skirmisher |
| 28:08 | Build | Farm |
| 28:08 | Build | Farm |
| 28:08 | Build | Farm |
| 28:30 | Create | Villager (Male) |
| 28:30 | Create | Villager (Male) |
| 28:36 | Build | Farm |
| 28:36 | Build | Farm |
| 29:23 | Research | Tech 1351 |
| 29:24 | Create | Unit 2550 |
| 29:24 | Create | Unit 2550 |
| 29:24 | Create | Unit 2550 |
| 29:24 | Create | Unit 2550 |
| 29:37 | Create | Villager (Male) |
| 29:37 | Create | Villager (Male) |
| 29:37 | Create | Villager (Male) |
| 29:37 | Create | Villager (Male) |
Build order — BossJets
First 150 of 332 actions detected
| 1:31 | Build | Town Center |
| 3:50 | Create | Villager (Male) |
| 3:51 | Create | Villager (Male) |
| 3:51 | Create | Villager (Male) |
| 3:51 | Create | Villager (Male) |
| 3:51 | Create | Villager (Male) |
| 3:51 | Create | Villager (Male) |
| 3:51 | Create | Villager (Male) |
| 4:16 | Build | House |
| 4:18 | Build | House |
| 4:19 | Build | House |
| 5:15 | Create | Villager (Male) |
| 6:01 | Create | Villager (Male) |
| 6:41 | Create | Villager (Male) |
| 7:17 | Create | Villager (Male) |
| 7:17 | Create | Villager (Male) |
| 7:24 | Create | Villager (Male) |
| 8:06 | Create | Villager (Male) |
| 8:51 | Create | Villager (Male) |
| 8:54 | Create | Villager (Male) |
| 9:15 | Create | Villager (Male) |
| 9:22 | Build | Farm |
| 9:25 | Build | Farm |
| 9:30 | Build | Farm |
| 9:42 | Build | Farm |
| 9:59 | Create | Villager (Male) |
| 10:07 | Build | Farm |
| 10:16 | Create | Villager (Male) |
| 10:27 | Build | House |
| 10:34 | Build | Farm |
| 10:55 | Create | Villager (Male) |
| 11:00 | Build | Farm |
| 11:22 | Build | Farm |
| 11:28 | Build | Farm |
| 11:30 | Create | Villager (Male) |
| 11:55 | Create | Villager (Male) |
| 11:59 | Build | Farm |
| 12:18 | Create | Villager (Male) |
| 12:24 | Build | Farm |
| 12:45 | Create | Villager (Male) |
| 12:48 | Build | Farm |
| 13:09 | Create | Villager (Male) |
| 13:15 | Build | Farm |
| 13:41 | Build | Farm |
| 13:48 | Research | Feudal Age |
| 13:58 | Build | House |
| 14:32 | Create | Villager (Male) |
| 14:41 | Build | House |
| 14:51 | Build | House |
| 15:09 | Create | Villager (Male) |
| 16:04 | Build | Stable |
| 16:52 | Research | Castle Age |
| 17:00 | Build | Blacksmith |
| 17:12 | Create | Villager (Male) |
| 17:34 | Build | Mill |
| 18:09 | Build | Lumber Camp |
| 18:51 | Build | Farm |
| 19:07 | Create | Villager (Male) |
| 19:07 | Create | Villager (Male) |
| 19:16 | Research | Bloodlines |
| 19:20 | Research | Scale Barding Armor |
| 19:39 | Create | Battle Elephant |
| 19:39 | Create | Battle Elephant |
| 19:45 | Build | Farm |
| 20:04 | Build | Farm |
| 20:31 | Build | Farm |
| 20:47 | Build | Farm |
| 21:06 | Research | Horse Collar |
| 21:27 | Build | Farm |
| 21:31 | Create | Battle Elephant |
| 21:32 | Create | Battle Elephant |
| 21:32 | Create | Battle Elephant |
| 21:41 | Create | Villager (Male) |
| 21:41 | Create | Villager (Male) |
| 21:41 | Create | Villager (Male) |
| 21:44 | Build | Farm |
| 22:36 | Create | Villager (Male) |
| 22:36 | Create | Villager (Male) |
| 22:37 | Create | Villager (Male) |
| 22:38 | Create | Villager (Male) |
| 23:52 | Create | Villager (Male) |
| 23:52 | Create | Villager (Male) |
| 23:52 | Create | Villager (Male) |
| 23:56 | Build | House |
| 23:56 | Build | House |
| 23:56 | Build | House |
| 23:57 | Build | House |
| 23:57 | Build | House |
| 23:57 | Build | House |
| 23:58 | Build | House |
| 24:04 | Build | Town Center |
| 25:33 | Research | Chain Barding Armor |
| 25:34 | Research | Forging |
| 25:37 | Create | Battle Elephant |
| 25:37 | Create | Battle Elephant |
| 25:37 | Create | Battle Elephant |
| 25:37 | Create | Battle Elephant |
| 26:27 | Create | Villager (Male) |
| 26:28 | Create | Villager (Male) |
| 26:44 | Build | Farm |
| 26:48 | Build | Farm |
| 26:56 | Build | Farm |
| 28:33 | Create | Villager (Male) |
| 28:34 | Create | Villager (Male) |
| 28:34 | Create | Villager (Male) |
| 28:35 | Create | Villager (Male) |
| 28:35 | Create | Villager (Male) |
| 28:36 | Create | Villager (Male) |
| 28:36 | Create | Villager (Male) |
| 28:36 | Create | Villager (Male) |
| 28:38 | Research | Wheelbarrow |
| 28:38 | Create | Villager (Male) |
| 28:39 | Create | Villager (Male) |
| 28:39 | Create | Villager (Male) |
| 28:41 | Research | Husbandry |
| 28:47 | Research | Double-Bit Axe |
| 28:53 | Research | Heavy Plow |
| 29:19 | Build | Monastery |
| 29:22 | Build | House |
| 29:25 | Create | Villager (Male) |
| 29:25 | Create | Villager (Male) |
| 29:26 | Create | Villager (Male) |
| 29:26 | Create | Villager (Male) |
| 29:49 | Create | Villager (Male) |
| 29:52 | Build | Farm |
| 29:58 | Build | Farm |
| 30:02 | Build | Farm |
| 30:20 | Build | Farm |
| 30:28 | Build | Farm |
| 30:30 | Build | Farm |
| 30:37 | Create | Monk |
| 30:44 | Build | Farm |
| 30:48 | Create | Villager (Male) |
| 30:49 | Create | Villager (Male) |
| 30:50 | Create | Villager (Male) |
| 30:56 | Build | Farm |
| 31:19 | Build | Farm |
| 32:12 | Build | Farm |
| 32:17 | Research | Imperial Age |
| 32:22 | Create | Villager (Male) |
| 32:27 | Build | Farm |
| 32:31 | Build | Farm |
| 33:30 | Create | Battle Elephant |
| 33:31 | Create | Battle Elephant |
| 33:32 | Create | Battle Elephant |
| 33:39 | Research | Hand Cart |
| 33:41 | Create | Villager (Male) |
| 33:42 | Create | Villager (Male) |
| 34:07 | Build | Castle |
| 34:27 | Research | Iron Casting |
Build order — Yggdrasil
First 150 of 363 actions detected
| 1:01 | Build | Town Center |
| 1:23 | Build | House |
| 2:01 | Build | Dock |
| 3:27 | Create | Villager (Male) |
| 3:28 | Create | Villager (Male) |
| 3:28 | Create | Villager (Male) |
| 4:24 | Create | Villager (Male) |
| 5:00 | Create | Villager (Male) |
| 5:00 | Create | Villager (Male) |
| 5:24 | Create | Fishing Ship |
| 5:50 | Create | Villager (Male) |
| 6:23 | Create | Fishing Ship |
| 6:29 | Build | House |
| 6:35 | Create | Villager (Male) |
| 6:36 | Research | Loom |
| 7:05 | Create | Fishing Ship |
| 7:38 | Create | Villager (Male) |
| 7:54 | Build | Dock |
| 8:06 | Create | Villager (Male) |
| 8:10 | Create | Villager (Male) |
| 8:16 | Create | Fishing Ship |
| 8:51 | Create | Fishing Ship |
| 8:59 | Create | Villager (Male) |
| 9:09 | Create | Villager (Male) |
| 9:27 | Build | House |
| 9:29 | Create | Fishing Ship |
| 9:45 | Create | Villager (Male) |
| 10:06 | Create | Fishing Ship |
| 10:13 | Create | Fishing Ship |
| 10:20 | Create | Villager (Male) |
| 10:20 | Create | Villager (Male) |
| 10:54 | Build | Dock |
| 11:03 | Create | Villager (Male) |
| 11:25 | Build | Lumber Camp |
| 11:40 | Create | Fishing Ship |
| 11:52 | Create | Villager (Male) |
| 12:05 | Create | Villager (Male) |
| 12:16 | Create | Fishing Ship |
| 12:22 | Create | Fishing Ship |
| 12:33 | Build | House |
| 12:39 | Create | Villager (Male) |
| 12:46 | Build | Lumber Camp |
| 12:53 | Create | Fishing Ship |
| 13:14 | Create | Villager (Male) |
| 13:15 | Create | Villager (Male) |
| 13:25 | Create | Fishing Ship |
| 13:31 | Create | Fishing Ship |
| 13:38 | Create | Fishing Ship |
| 14:00 | Research | Feudal Age |
| 14:34 | Create | Fishing Ship |
| 14:42 | Build | House |
| 15:22 | Age | Feudal Age |
| 15:23 | Research | Town Watch |
| 15:26 | Research | Double-Bit Axe |
| 15:49 | Build | House |
| 15:51 | Create | Fire Galley |
| 15:55 | Create | Galley |
| 15:55 | Create | Galley |
| 16:19 | Create | Villager (Male) |
| 16:41 | Build | Barracks |
| 16:42 | Create | Villager (Male) |
| 16:42 | Create | Villager (Male) |
| 17:10 | Create | Spearman |
| 17:10 | Create | Spearman |
| 17:17 | Build | Blacksmith |
| 17:33 | Build | House |
| 17:36 | Create | Galley |
| 17:36 | Create | Galley |
| 17:44 | Research | Wheelbarrow |
| 17:52 | Create | Spearman |
| 18:02 | Research | Forging |
| 18:13 | Create | Spearman |
| 18:26 | Build | House |
| 18:55 | Build | Watch Tower |
| 19:23 | Create | Villager (Male) |
| 20:00 | Build | Mining Camp |
| 20:32 | Create | Villager (Male) |
| 20:32 | Create | Villager (Male) |
| 20:49 | Build | House |
| 21:05 | Build | Stable |
| 21:22 | Build | Watch Tower |
| 21:38 | Research | Castle Age |
| 21:56 | Build | Dock |
| 22:00 | Research | Tech 906 |
| 22:31 | Build | House |
| 22:53 | Research | Fletching |
| 23:01 | Create | Spearman |
| 23:02 | Create | Spearman |
| 23:14 | Age | Castle Age |
| 23:28 | Create | Scout Cavalry |
| 23:29 | Create | Scout Cavalry |
| 23:29 | Create | Scout Cavalry |
| 23:39 | Create | Villager (Male) |
| 23:39 | Create | Villager (Male) |
| 23:39 | Create | Villager (Male) |
| 24:05 | Build | Town Center |
| 24:23 | Build | Blacksmith |
| 24:28 | Research | Pikeman (upgrade) |
| 24:51 | Create | Spearman |
| 24:51 | Create | Spearman |
| 25:05 | Research | Town Patrol |
| 25:26 | Build | Town Center |
| 25:40 | Research | Hand Cart |
| 25:43 | Create | Villager (Male) |
| 25:43 | Create | Villager (Male) |
| 26:11 | Create | Villager (Male) |
| 26:12 | Create | Villager (Male) |
| 26:12 | Create | Villager (Male) |
| 26:19 | Create | Spearman |
| 26:19 | Create | Spearman |
| 26:47 | Research | Gillnets |
| 27:10 | Build | Town Center |
| 27:27 | Create | Villager (Male) |
| 27:28 | Create | Villager (Male) |
| 27:42 | Create | Spearman |
| 27:42 | Create | Spearman |
| 28:02 | Create | Villager (Male) |
| 28:03 | Create | Villager (Male) |
| 28:03 | Create | Villager (Male) |
| 28:28 | Create | Villager (Male) |
| 28:29 | Create | Villager (Male) |
| 28:29 | Create | Villager (Male) |
| 28:58 | Build | House |
| 29:04 | Build | Dock |
| 29:19 | Create | Villager (Male) |
| 29:20 | Create | Villager (Male) |
| 29:25 | Build | Mining Camp |
| 29:34 | Create | Villager (Male) |
| 29:34 | Create | Villager (Male) |
| 29:34 | Create | Villager (Male) |
| 29:37 | Research | Bow Saw |
| 29:43 | Research | War Galley (upgrade) |
| 29:45 | Create | Villager (Male) |
| 29:46 | Create | Villager (Male) |
| 29:51 | Create | Fishing Ship |
| 29:51 | Create | Fishing Ship |
| 29:52 | Create | Fishing Ship |
| 29:52 | Create | Fishing Ship |
| 29:57 | Create | Demolition Raft |
| 29:58 | Create | Demolition Raft |
| 30:04 | Create | Fishing Ship |
| 30:05 | Create | Fishing Ship |
| 30:10 | Create | Fishing Ship |
| 30:10 | Create | Fishing Ship |
| 30:28 | Build | House |
| 30:29 | Build | House |
| 30:36 | Build | University |
| 30:45 | Create | Villager (Male) |
| 30:46 | Create | Villager (Male) |
| 30:50 | Create | Villager (Male) |
Build order — ZacAttack5577
First 150 of 408 actions detected
| 1:08 | Build | Town Center |
| 2:14 | Build | House |
| 2:53 | Create | Villager (Male) |
| 2:53 | Create | Villager (Male) |
| 2:53 | Create | Villager (Male) |
| 2:53 | Create | Villager (Male) |
| 2:54 | Create | Villager (Male) |
| 4:02 | Create | Villager (Male) |
| 4:02 | Create | Villager (Male) |
| 4:45 | Create | Villager (Male) |
| 4:45 | Create | Villager (Male) |
| 5:14 | Create | Villager (Male) |
| 5:14 | Create | Villager (Male) |
| 5:14 | Create | Villager (Male) |
| 5:22 | Build | House |
| 5:56 | Build | House |
| 6:11 | Create | Villager (Male) |
| 6:11 | Create | Villager (Male) |
| 6:31 | Create | Villager (Male) |
| 6:31 | Create | Villager (Male) |
| 6:41 | Create | Villager (Male) |
| 6:41 | Create | Villager (Male) |
| 7:01 | Build | Mill |
| 8:02 | Create | Villager (Male) |
| 8:02 | Create | Villager (Male) |
| 8:02 | Create | Villager (Male) |
| 8:07 | Research | Loom |
| 8:13 | Create | Villager (Male) |
| 8:45 | Build | Lumber Camp |
| 8:59 | Create | Villager (Male) |
| 9:27 | Research | Feudal Age |
| 9:41 | Create | Villager (Male) |
| 9:44 | Create | Villager (Male) |
| 11:10 | Build | Barracks |
| 11:15 | Build | House |
| 11:17 | Build | House |
| 11:58 | Build | Palisade Wall |
| 12:07 | Build | Stable |
| 12:10 | Create | Villager (Male) |
| 12:10 | Create | Villager (Male) |
| 12:13 | Create | Spearman |
| 12:24 | Research | Double-Bit Axe |
| 12:26 | Create | Villager (Male) |
| 12:37 | Build | Palisade Gate |
| 12:39 | Build | House |
| 12:43 | Build | House |
| 12:47 | Create | Scout Cavalry |
| 12:48 | Create | Scout Cavalry |
| 13:15 | Build | Mining Camp |
| 13:19 | Create | Scout Cavalry |
| 13:27 | Create | Villager (Male) |
| 13:27 | Create | Villager (Male) |
| 13:51 | Build | Farm |
| 13:52 | Build | Farm |
| 13:54 | Build | Farm |
| 13:59 | Build | Farm |
| 14:06 | Create | Scout Cavalry |
| 14:13 | Build | Farm |
| 15:03 | Create | Scout Cavalry |
| 15:04 | Create | Scout Cavalry |
| 15:05 | Create | Villager (Male) |
| 15:05 | Create | Villager (Male) |
| 15:12 | Build | Blacksmith |
| 15:16 | Build | Farm |
| 15:45 | Research | Bloodlines |
| 16:23 | Create | Scout Cavalry |
| 16:47 | Create | Villager (Male) |
| 16:47 | Create | Villager (Male) |
| 17:10 | Create | Villager (Male) |
| 17:10 | Create | Villager (Male) |
| 17:13 | Create | Scout Cavalry |
| 17:19 | Build | Mill |
| 17:30 | Create | Scout Cavalry |
| 17:37 | Build | Market |
| 18:11 | Research | Fletching |
| 18:12 | Research | Padded Archer Armor |
| 19:01 | Build | House |
| 19:01 | Build | House |
| 19:02 | Build | House |
| 19:02 | Build | House |
| 19:02 | Build | House |
| 19:03 | Build | House |
| 19:10 | Research | Horse Collar |
| 19:13 | Build | Archery Range |
| 19:20 | Create | Scout Cavalry |
| 19:55 | Create | Villager (Male) |
| 19:55 | Create | Villager (Male) |
| 20:37 | Create | Villager (Male) |
| 21:10 | Create | Archer |
| 21:10 | Create | Archer |
| 21:12 | Create | Archer |
| 21:34 | Build | Mill |
| 21:35 | Build | Farm |
| 21:35 | Build | Farm |
| 21:35 | Build | Farm |
| 21:36 | Build | Farm |
| 21:54 | Create | Villager (Male) |
| 22:04 | Research | Castle Age |
| 24:24 | Build | Archery Range |
| 24:25 | Build | Archery Range |
| 24:33 | Build | House |
| 24:34 | Build | House |
| 24:36 | Build | House |
| 25:28 | Create | Cavalry Archer |
| 25:29 | Create | Cavalry Archer |
| 25:29 | Create | Cavalry Archer |
| 25:43 | Create | Villager (Male) |
| 25:44 | Research | Wheelbarrow |
| 25:51 | Build | Town Center |
| 25:58 | Research | Gold Mining |
| 26:01 | Create | Cavalry Archer |
| 26:01 | Create | Cavalry Archer |
| 26:01 | Create | Cavalry Archer |
| 26:07 | Build | Town Center |
| 26:13 | Create | Cavalry Archer |
| 26:13 | Create | Cavalry Archer |
| 26:16 | Create | Villager (Male) |
| 26:16 | Create | Villager (Male) |
| 26:26 | Research | Bodkin Arrow |
| 26:33 | Build | University |
| 26:56 | Create | Cavalry Archer |
| 26:56 | Create | Cavalry Archer |
| 27:31 | Create | Villager (Male) |
| 27:32 | Create | Villager (Male) |
| 27:34 | Create | Villager (Male) |
| 28:09 | Create | Cavalry Archer |
| 28:09 | Create | Cavalry Archer |
| 28:09 | Create | Cavalry Archer |
| 28:16 | Create | Villager (Male) |
| 28:16 | Create | Villager (Male) |
| 28:20 | Build | Farm |
| 28:21 | Build | Farm |
| 28:21 | Build | Farm |
| 28:21 | Build | Farm |
| 28:53 | Build | Farm |
| 28:56 | Build | Farm |
| 28:56 | Build | Farm |
| 28:57 | Build | Farm |
| 28:58 | Build | Farm |
| 29:01 | Research | Leather Archer Armor |
| 29:05 | Create | Cavalry Archer |
| 29:05 | Create | Cavalry Archer |
| 29:28 | Create | Cavalry Archer |
| 29:28 | Create | Cavalry Archer |
| 29:31 | Create | Villager (Male) |
| 29:32 | Create | Villager (Male) |
| 29:35 | Create | Villager (Male) |
| 29:35 | Create | Villager (Male) |
| 29:41 | Create | Cavalry Archer |
| 29:41 | Create | Cavalry Archer |
Match timeline
| 1:16 | fatmuddybear · first_building Dock |
| 2:01 | Yggdrasil · first_building Dock |
| 2:34 | HAHA · first_building Dock |
| 2:53 | yougetcs · first_building Dock |
| 9:29 | Objayz23 · first_building Barracks |
| 11:10 | ZacAttack5577 · first_building Barracks |
| 11:58 | ZacAttack5577 · wall_segment Palisade Wall x1 |
| 12:07 | ZacAttack5577 · first_building Stable |
| 12:56 | yougetcs · wall_segment Palisade Wall x11 |
| 14:25 | fatmuddybear · age_up feudal |
| 14:44 | yougetcs · age_up feudal |
| 15:22 | Yggdrasil · age_up feudal |
| 16:01 | yougetcs · wall_segment Palisade Wall x1 |
| 16:04 | BossJets · first_building Stable |
| 16:09 | Objayz23 · first_building Archery Range |
| 16:15 | HAHA · first_building Barracks |
| 16:40 | HAHA · age_up feudal |
| 16:41 | Yggdrasil · first_building Barracks |
| 18:05 | JJLoewen9289 · first_building Barracks |
| 18:20 | fatmuddybear · age_up castle |
| 18:27 | fatmuddybear · first_building Monastery |
| 18:31 | HAHA · first_building Stable |
| 19:13 | ZacAttack5577 · first_building Archery Range |
| 19:29 | yougetcs · age_up castle |
| 20:08 | fatmuddybear · first_building Siege Workshop |
| 21:05 | Yggdrasil · first_building Stable |
| 21:12 | yougetcs · first_building Castle |
| 21:28 | yougetcs · first_building Barracks |
| 21:36 | fatmuddybear · first_building Barracks |
| 21:58 | ZacAttack5577 · first_market_sell 100 wood |
| 21:59 | ZacAttack5577 · first_market_buy 100 food |
| 22:19 | HAHA · wall_segment Palisade Wall x1 |
| 22:33 | HAHA · age_up castle |
| 23:14 | Yggdrasil · age_up castle |
| 24:05 | HAHA · first_building Archery Range |
| 24:25 | fatmuddybear · age_up imperial |
| 24:50 | yougetcs · wall_segment Palisade Wall x1 |
| 25:45 | yougetcs · first_building Siege Workshop |
| 27:00 | fatmuddybear · first_building Castle |
| 27:28 | JJLoewen9289 · first_building Archery Range |
| 28:10 | yougetcs · first_market_sell 100 food |
| 29:11 | yougetcs · wall_segment Stone Wall x15 |
| 29:19 | BossJets · first_building Monastery |
| 32:55 | Yggdrasil · first_building Castle |
| 33:45 | yougetcs · first_building Archery Range |
| 33:49 | yougetcs · first_building Stable |
| 34:07 | BossJets · first_building Castle |
| 34:48 | yougetcs · age_up imperial |
| 35:17 | HAHA · first_building Castle |
| 36:22 | fatmuddybear · first_market_sell 500 food |
| 36:26 | fatmuddybear · first_market_buy 100 stone |
| 36:37 | HAHA · first_market_buy 100 stone |
| 38:06 | ZacAttack5577 · first_building Siege Workshop |
| 38:22 | Objayz23 · first_building Castle |
| 38:23 | BossJets · first_building Archery Range |
| 40:22 | Yggdrasil · age_up imperial |
| 40:43 | fatmuddybear · tribute_sent a jugador 2 |
| 40:43 | fatmuddybear · tribute_sent a jugador 3 |
| 40:43 | fatmuddybear · tribute_sent a jugador 4 |
| 40:43 | fatmuddybear · tribute_sent a jugador 5 |
| 40:43 | fatmuddybear · tribute_sent a jugador 6 |
| 40:43 | fatmuddybear · tribute_sent a jugador 7 |
| 40:43 | fatmuddybear · tribute_sent a jugador 8 |
| 40:45 | Yggdrasil · first_building Archery Range |
| 41:05 | yougetcs · first_market_buy 100 food |
| 41:27 | fatmuddybear · first_building Archery Range |
| 42:42 | fatmuddybear · first_building Stable |
| 43:25 | HAHA · age_up imperial |
| 43:57 | fatmuddybear · tribute_sent a jugador 2 |
| 43:57 | fatmuddybear · tribute_sent a jugador 3 |
| 43:57 | fatmuddybear · tribute_sent a jugador 4 |
| 43:57 | fatmuddybear · tribute_sent a jugador 5 |
| 43:57 | fatmuddybear · tribute_sent a jugador 6 |
| 43:57 | fatmuddybear · tribute_sent a jugador 7 |
| 43:57 | fatmuddybear · tribute_sent a jugador 8 |
| 44:41 | ZacAttack5577 · first_building Castle |
| 45:36 | fatmuddybear · tribute_sent a jugador 2 |
| 45:36 | fatmuddybear · tribute_sent a jugador 3 |
| 45:36 | fatmuddybear · tribute_sent a jugador 4 |
| 45:36 | fatmuddybear · tribute_sent a jugador 5 |
| 45:36 | fatmuddybear · tribute_sent a jugador 6 |
| 45:36 | fatmuddybear · tribute_sent a jugador 7 |
| 45:36 | fatmuddybear · tribute_sent a jugador 8 |
| 45:40 | BossJets · wall_segment Palisade Wall x1 |
| 47:56 | fatmuddybear · tribute_sent a jugador 2 |
| 47:56 | fatmuddybear · tribute_sent a jugador 3 |
| 47:56 | fatmuddybear · tribute_sent a jugador 4 |
| 47:56 | fatmuddybear · tribute_sent a jugador 5 |
| 47:56 | fatmuddybear · tribute_sent a jugador 6 |
| 47:56 | fatmuddybear · tribute_sent a jugador 7 |
| 47:56 | fatmuddybear · tribute_sent a jugador 8 |
| 48:02 | fatmuddybear · tribute_sent a jugador 2 |
| 48:02 | fatmuddybear · tribute_sent a jugador 3 |
| 48:02 | fatmuddybear · tribute_sent a jugador 4 |
| 48:02 | fatmuddybear · tribute_sent a jugador 5 |
| 48:02 | fatmuddybear · tribute_sent a jugador 6 |
| 48:02 | fatmuddybear · tribute_sent a jugador 7 |
| 48:02 | fatmuddybear · tribute_sent a jugador 8 |
| 48:59 | Yggdrasil · first_building Siege Workshop |
| 50:52 | Objayz23 · first_market_sell 100 wood |
| 51:21 | fatmuddybear · tribute_sent a jugador 2 |
| 51:21 | fatmuddybear · tribute_sent a jugador 3 |
| 51:21 | fatmuddybear · tribute_sent a jugador 4 |
| 51:21 | fatmuddybear · tribute_sent a jugador 5 |
| 51:21 | fatmuddybear · tribute_sent a jugador 6 |
| 51:21 | fatmuddybear · tribute_sent a jugador 7 |
| 51:21 | fatmuddybear · tribute_sent a jugador 8 |
| 52:46 | ZacAttack5577 · resign |
[ AI ANALYSIS · 1 CREDIT ]
What really happened in this match?
Wolo.gg analyzes every decision: build order, eco, micro, common mistakes by bracket. Personalized analysis on WhatsApp or Discord in 30 seconds.
Civ guide
Mongols
Map guide
Nomad
Perfil
Jugador #1908436